 Dungeon Sprint DCSS version 0.21.1-1-g345015f (webtiles) character file.

3981 Fang the Severer (level 10, -5/73 HPs)
             Began as a Gargoyle Berserker on June 28, 2018.
             Was the Champion of Trog.
             Slain by an emperor scorpion (15 damage)
             ... in the Dungeon (Sprint VII: "The Pits").
             The game lasted 00:05:28 (1349 turns).

Fang the Severer (Gargoyle Berserker)               Turns: 1349, Time: 00:05:29

Health: -5/73      AC: 12    Str: 23    XL:     10   Next: 22%
Magic:  10/10      EV: 19    Int:  9    God:    Trog [******]
Gold:   0          SH:  0    Dex: 12    Spells: 9/9 levels left

rFire    . . .     SeeInvis .   m - +9 broad axe of the Thing {chop, Dex+3}
rCold    . . .     Gourm    .   (no shield)
rNeg     + . .     Faith    .   b - +0 animal skin
rPois    ∞         Spirit   .   (no helmet)
rElec    +         Reflect  .   (no cloak)
rCorr    .         Harm     .   (no gloves)
MR       .....     NoTele   +   (no boots)
Stlth    ++........             (no amulet)
HPRegen  0.22/turn              p - +3 ring of evasion
MPRegen  0.12/turn              q - +3 ring of protection

@: barbed spikes, berserk cooldown, slowed, very slow
A: negative energy resistance 1, electricity resistance, unbreathing,
petrification resistance, rot immunity, AC +7
a: Berserk, Trog's Hand, Brothers in Arms, Burn Spellbooks, Renounce Religion


You were in the Dungeon.
You worshipped Trog.
Trog was exalted by your worship.
You were very hungry.

You visited 1 branch

Inventory:

Hand Weapons
 j - a +2 hand axe
 m - the +9 broad axe of the Thing (weapon) {chop, Dex+3}
   (Trog gifted it to you in the Dungeon)

   It inflicts extra damage upon your enemies.
   It affects your dexterity (+3).
 o - a +3 antimagic battleaxe
 t - a +2 war axe of freezing
Armour
 b - a +0 animal skin (worn)
Jewellery
 p - a +3 ring of evasion (left hand)
 q - a +3 ring of protection (right hand)
Scrolls
 i - a scroll of blinking
 k - 3 scrolls of remove curse
 l - a scroll of summoning
Potions
 a - a potion of invisibility
 d - 8 potions of curing
 e - 6 potions of heal wounds
 f - 2 potions of haste
 g - 4 potions of magic
 h - 5 potions of berserk rage
 r - a potion of resistance
 s - a potion of brilliance
Comestibles
 c - 9 rations
 n - 5 chunks of flesh


   Skills:
 + Level 13.5 Fighting
 + Level 15.2 Axes
 + Level 6.0 Armour
 + Level 7.8 Dodging
 + Level 1.0 Stealth


You had 9 spell levels left.
You didn't know any spells.

Dungeon Overview and Level Annotations

Branches:
Dungeon (1/1)

Altars:
Cheibriados
Dithmenos
Elyvilon
Fedhas
Gozag
Hepliaklqana
Makhleb
Nemelex Xobeh
Okawaru
Qazlal
Ru
Sif Muna
Trog
Vehumet
Wu Jian
Xom
Yredelemnul
Zin
The Shining One
Beogh
Jiyva
Lugonu


Innate Abilities, Weirdness & Mutations

You are resistant to torment.
Your stone body is resilient. (AC +7)
You are immune to poison.
You resist negative energy. (rN+)
You are resistant to electric shocks. (rElec)
You can survive without breathing.
You are immune to petrification.
You are immune to rotting.


Message History

Trog accepts your kill.
Your Axes skill increases to level 15!
You hit the emperor scorpion.
The emperor scorpion is lightly wounded.
The phantom blinks!
Unknown command.
You slash the emperor scorpion!
The emperor scorpion is moderately wounded.
The emperor scorpion stings you!!
* * * LOW HITPOINT WARNING * * *
The emperor scorpion claws you but does no damage.
The emperor scorpion claws you.
* * * LOW HITPOINT WARNING * * *
You hit the emperor scorpion but do no damage.
The emperor scorpion is moderately wounded.
You are no longer berserk.
You are exhausted.
You feel as though you will be slow longer.
The emperor scorpion stings you!
You die...

'#####''######
....##''# ## ####
....##..# .###...#
....##..# #+# D..D...
<...##.)# ##.## .c..#
....##..# ##...##.§.#
....##..####.....##§##
....##...##......#h..#
######...(†.....@sc(.+
######...##......#...#
..[[##..####.....##.##
..[[##..# ##...##...#
..))##..# ##.## .n..#
..))##..# #+# .......
..))##..# .###...#
######### ## ####


You could see an emperor scorpion, a wolf and a centaur.

Vanquished Creatures
  A swamp dragon (D)
  An orc knight (D)
  A manticore (D)
  A smoke demon (D)
  A komodo dragon (D)
  A tyrant leech (D)
  A bog body (D)
  A flying skull (D)
  Grum (D)
  6 yaks (D)
  A steam dragon (D)
  A soldier ant (D)
  3 wolves (D)
  A scorpion (D)
  A jelly (D)
  A gnoll shaman (D)
  2 gnolls (D)
  2 adders (D)
  An ufetubus (D)
  2 oozes (D)
  2 leopard geckos (D)
  An orc (D)
  2 bat skeletons (D)
  2 giant cockroaches (D)
  A goblin (D)
  4 bats (D)
  A frilled lizard (D)
43 creatures vanquished.

Vanquished Creatures (collateral kills)
  A bullfrog (D)
  A scorpion (D)
2 creatures vanquished.

Vanquished Creatures (others)
  A bat skeleton (D)
1 creature vanquished.

Grand Total: 46 creatures vanquished

Notes
Turn   | Place    | Note
-------+----------+-------------------------------------------
     0 | D        | Fang the Gargoyle Berserker began the quest for the Orb.
     0 | D        | Reached XP level 1. HP: 14/14 MP: 1/1
    18 | D        | Reached skill level 3 in Axes
   114 | D        | Found a bloodstained altar of Trog.
   114 | D        | Found a deep blue altar of Sif Muna.
   114 | D        | Found a viscous altar of Jiyva.
   114 | D        | Found a hazy altar of Hepliaklqana.
   114 | D        | Found an opulent altar of Gozag.
   115 | D        | Found a glowing golden altar of the Shining One.
   115 | D        | Found a glowing silver altar of Zin.
   115 | D        | Found a basalt altar of Yredelemnul.
   115 | D        | Found a shimmering altar of Xom.
   115 | D        | Found an ornate altar of the Wu Jian Council.
   115 | D        | Found a sacrificial altar of Ru.
   115 | D        | Found a stormy altar of Qazlal.
   115 | D        | Found an iron altar of Okawaru.
   115 | D        | Found a sparkling altar of Nemelex Xobeh.
   115 | D        | Found a burning altar of Makhleb.
   115 | D        | Found a blossoming altar of Fedhas.
   115 | D        | Found a white marble altar of Elyvilon.
   115 | D        | Found a shadowy altar of Dithmenos.
   115 | D        | Found a snail-covered altar of Cheibriados.
   117 | D        | Found a radiant altar of Vehumet.
   117 | D        | Found a corrupted altar of Lugonu.
   117 | D        | Found a roughly hewn altar of Beogh.
   162 | D        | Reached ** piety under Trog
   162 | D        | Reached XP level 2. HP: 16/20 MP: 2/2
   226 | D        | Reached skill level 4 in Axes
   496 | D        | Reached *** piety under Trog
   497 | D        | Reached XP level 3. HP: 25/25 MP: 3/3
   497 | D        | Reached skill level 5 in Fighting
   568 | D        | Reached **** piety under Trog
   569 | D        | Reached skill level 5 in Axes
   572 | D        | Reached XP level 4. HP: 32/32 MP: 4/4
   577 | D        | Noticed a bullfrog
   587 | D        | Killed a bullfrog
   587 | D        | Reached skill level 6 in Axes
   729 | D        | Reached XP level 5. HP: 37/37 MP: 5/5
   732 | D        | Noticed an orc knight
   742 | D        | Killed an orc knight
   742 | D        | Reached ***** piety under Trog
   742 | D        | Reached skill level 10 in Axes
   742 | D        | Reached skill level 5 in Armour
   742 | D        | Reached XP level 6. HP: 22/48 MP: 6/6
   742 | D        | Reached XP level 7. HP: 23/52 MP: 7/7
   818 | D        | Reached skill level 5 in Dodging
   825 | D        | Reached skill level 10 in Fighting
   865 | D        | Noticed a smoke demon
   868 | D        | Received a gift from Trog
   872 | D        | Killed a smoke demon
   872 | D        | Reached skill level 11 in Axes
   872 | D        | Reached XP level 8. HP: 59/59 MP: 8/8
   985 | D        | Noticed a flying skull
   987 | D        | Noticed Grum
   991 | D        | Killed a flying skull
   999 | D        | Reached skill level 12 in Axes
  1007 | D        | Killed Grum
  1106 | D        | Noticed a yak
  1106 | D        | Noticed a yak
  1106 | D        | Noticed a yak
  1106 | D        | Noticed a yak
  1106 | D        | Noticed a yak
  1106 | D        | Noticed a yak
  1106 | D        | Noticed a tyrant leech
  1106 | D        | Noticed a komodo dragon
  1113 | D        | Killed a tyrant leech
  1113 | D        | Reached XP level 9. HP: 65/65 MP: 3/9
  1114 | D        | Reached ****** piety under Trog
  1117 | D        | Killed a komodo dragon
  1117 | D        | Received a gift from Trog
  1117 | D        | Reached skill level 13 in Axes
  1122 | D        | Received a gift from Trog
  1141 | D        | Reached skill level 14 in Axes
  1141 | D        | Reached skill level 1 in Stealth
  1153 | D        | Got a twisted broad axe {god gift}
  1155 | D        | Identified the +9 broad axe of the Thing {chop, Dex+3} (Trog gifted it to you in the Dungeon)
  1329 | D        | Noticed a manticore
  1331 | D        | Noticed a swamp dragon
  1337 | D        | Noticed an emperor scorpion
  1339 | D        | Killed a manticore
  1342 | D        | Received a gift from Trog
  1342 | D        | Reached XP level 10. HP: 57/73 MP: 10/10
  1346 | D        | Killed a swamp dragon
  1346 | D        | Reached skill level 15 in Axes
  1349 | D        | Slain by an emperor scorpion

Skill      XL: |  1  2  3  4  5  6  7  8  9 10 |
---------------+-------------------------------+-----
Axes           | 3 4 5 6 10 11 12 14 15 | 15.2
Fighting       | 4 5 6 9 10 11 13 | 13.5
Dodging        | 2 3 4 5 6 7 |  7.8
Armour         | 3 5 6 |  6.0
Stealth        | 1 |  1.0

Action                   |  1- 3 |  4- 6 |  7- 9 | 10-12 || total
-------------------------+-------+-------+-------+-------++-------
Melee: Hand axe          |    25 |    10 |    15 |       ||    50
       Battleaxe         |       |       |    61 |       ||    61
       Broad axe         |       |       |     7 |     7 ||    14
Invok: Berserk           |     3 |     1 |     5 |       ||     9
       Brothers in Arms  |       |     1 |       |       ||     1
  Use: Potion            |       |     2 |     1 |       ||     3
  Eat: Chunk             |       |     2 |     7 |       ||     9
Armor: Animal skin       |     8 |     2 |    15 |     4 ||    29
Dodge: Dodged            |    13 |     6 |    72 |     1 ||    92
